 Dungeon Crawl Stone Soup version 0.27.1-33-g824d729ab1 (webtiles) character file.

Game seed: 12938987032005982279

26 Descartes the Sneak (level 2, -1/14 HPs)
             Began as a Spriggan Wanderer on Nov 27, 2021.
             Was an Initiate of Ashenzari.
             Slain by a jackal (3 damage)
             ... on level 1 of the Dungeon.
             The game lasted 00:02:28 (1312 turns).

Descartes the Sneak (Spriggan Wanderer)             Turns: 1312, Time: 00:02:28

Health: -1/14      AC:  4    Str:  9    XL:     2   Next: 89%
Magic:  3/3        EV: 17    Int: 13    God:    Ashenzari [......]
Gold:   20         SH:  0    Dex: 13    Spells: 1/1 levels left

rFire    . . .     SeeInvis +   d - +0 hand axe
rCold    . . .     Faith    .   (shield restricted)
rNeg     . . .     Spirit   .   b - +2 robe
rPois    .         Reflect  .   (helmet restricted)
rElec    .         Harm     .   (no cloak)
rCorr    .         Rampage  .   (gloves unavailable)
Will     .....                  (boots unavailable)
Stlth    ++........             (no amulet)
HPRegen  0.04/turn              (no ring)
MPRegen  0.08/turn              (no ring)

@: very quick
A: very small, no large weapons, unfitting armour, see invisible, speed 3
a: Renounce Religion, Curse Item


You were on level 1 of the Dungeon.
You worshipped Ashenzari.
Ashenzari was noncommittal.
You visited 1 branch of the dungeon, and saw 2 of its levels.

You collected 20 gold pieces.

Inventory:

Hand Weapons
 a - a +0 shortbow
 d - a +0 hand axe (weapon)
 e - a +0 dagger
Missiles
 c - 7 arrows
 f - 67 stones
Armour
 b - a +2 robe (worn)
Jewellery
 g - a ring of positive energy
Scrolls
 h - a scroll of enchant armour
 i - 2 scrolls of blinking
 j - a scroll of magic mapping
 k - a scroll of noise
 l - a scroll of identify


   Skills:
 - Level 1.5 Fighting
 + Level 2.6 Short Blades
 - Level 1.0 Axes
 + Level 1.2 Bows
 + Level 3.7 Dodging
 + Level 3.8 Stealth


You had one spell level left.
You didn't know any spells.
Your spell library was empty.

Dungeon Overview and Level Annotations

Branches:
Dungeon (2/15)

Altars:
Ashenzari


Innate Abilities, Weirdness & Mutations

You are very small and have problems with some larger weapons.
You are too small for most types of armour.
You have supernaturally acute eyesight. (SInv)
You cover ground extremely quickly. (Speed+++)


Message History

You are too injured to fight recklessly!
Unknown command.
Unknown command.
You are too injured to fight recklessly!
Unknown command.
The endoplasm freezes you.
You are frozen.
* * * LOW HITPOINT WARNING * * *
The jackal closely misses you.
You climb upwards.
There is a stone staircase leading down here.
You are too injured to fight recklessly!
You are too injured to fight recklessly!
You are too injured to fight recklessly!
Really attack while wielding your +0 shortbow? [Y]es or [N]o only, please.
Really attack while wielding your +0 shortbow? [Y]es or [N]o only, please.
Really attack while wielding your +0 shortbow? [Y]es or [N]o only, please.
Really attack while wielding your +0 shortbow? [Y]es or [N]o only, please.
Really attack while wielding your +0 shortbow?
Okay, then.
Unknown command.
d - a +0 hand axe (weapon)
The jackal bites you.
* * * LOW HITPOINT WARNING * * *
The endoplasm misses you.
You hit the endoplasm.
You kill the endoplasm!
You hit the jackal.
The jackal bites you but does no damage.
You completely miss the jackal.
The jackal is lightly wounded.
The jackal completely misses you. The jackal closely misses you.
You barely miss the jackal.
The jackal is lightly wounded.
The jackal bites you.
You die...

##.....# #########......#
#..........._...
#.########.8.8.# #.#
#.....# #.#########.####
#.............##
#######################.##
#.......h@................
##.#######.......######.#.
#.# #.......# ###... #.#
###.......# #..... #.#
#.........# #..... #.#
#.#.......# #.....
#.#####.#.......# #.....
#.......#.......# #######
##########.###### #......


You could see a jackal.

Vanquished Creatures
  A dart slug (D:1)
  A ball python (D:1)
  An endoplasm (D:1)
  2 giant cockroaches (D:1)
  A goblin (D:1)
  3 hobgoblins (D:1)
  5 jackals
  4 frilled lizards (D:1)
  2 kobolds
  2 rats (D:1)
22 creatures vanquished.

Notes
Turn   | Place    | Note
-------+----------+-------------------------------------------
     0 | D:1      | Descartes the Spriggan Wanderer began the quest for the
                  | Orb.
     0 | D:1      | Descartes set off with the following items: a +0 shortbow,
                  | a +2 robe, 23 arrows, a +0 hand axe, a +0 dagger
     0 | D:1      | Reached XP level 1. HP: 10/10 MP: 2/2
   335 | D:1      | Reached XP level 2. HP: 11/14 MP: 3/3
   342 | D:1      | Reached skill level 1 in Bows
   841 | D:1      | Found a faded altar of an unknown god.
  1276 | D:1      | Became a worshipper of Ashenzari the Shackled
  1312 | D:1      | Slain by a jackal

Illustrated notes

Levels and vault maps discovered:
D:1:      dpeg_arrival_circle_labyrinth_c, layout_basic,
          dreamdust_ecumenical_altar_statues, corner_web_ring, minmay_cupped
D:2:      layout_loops_ring, minmay_misc_feat_tower, minmay_statues_item,
          uniq_terence

Skill      XL: |  1  2 |
---------------+-------+-----
Bows           | 1 |  1.2
Fighting       | |  1.5
Short Blades   | |  2.6
Axes           | |  1.0
Dodging        | |  3.7
Stealth        | |  3.8

Action                   || total
-------------------------++-------
Melee: Hand axe          ||     3
 Fire: Shortbow          ||    56
Armor: Robe              ||     8
Dodge: Dodged            ||    28
